 Dungeon Crawl Stone Soup version 0.21.1-1-g345015f (webtiles) character file.

43 zishaf the Cudgeler (level 3, 0/23 HPs)
             Began as a Gargoyle Fighter on May 8, 2018.
             Slain by a kobold
             ... wielding a +0 whip
              (2 damage)
             ... on level 2 of the Dungeon.
             The game lasted 00:02:35 (877 turns).

zishaf the Cudgeler (Gargoyle Fighter)               Turns: 877, Time: 00:02:36

Health: 0/23       AC: 10    Str: 25    XL:     3   Next: 58%
Magic:  3/3        EV: 12    Int: 14    God:
Gold:   71         SH: 10    Dex: 14    Spells: 2/2 levels left

rFire    . . .     SeeInvis .   a - +0 flail
rCold    . . .     Gourm    .   c - +0 shield
rNeg     + . .     Faith    .   b - +0 scale mail
rPois    ∞         Spirit   .   (no helmet)
rElec    +         Reflect  .   (no cloak)
rCorr    .         Harm     .   (no gloves)
MR       .....                  (no boots)
Stlth    +.........             (no amulet)
HPRegen  0.07/turn              i - +6 ring of intelligence
MPRegen  0.08/turn              (no ring)

@: mighty, agile
A: negative energy resistance 1, electricity resistance, unbreathing,
petrification resistance, rot immunity, AC +3
a: no special abilities


You were on level 2 of the Dungeon.
You were not hungry.

You visited 1 branch of the dungeon, and saw 2 of its levels.

You collected 71 gold pieces.

Inventory:

Hand Weapons
 a - a +0 flail (weapon)
Armour
 b - a +0 scale mail (worn)
 c - a +0 shield (worn)
Jewellery
 i - a +6 ring of intelligence (left hand)
Scrolls
 h - a scroll of remove curse {unknown}
 j - a scroll of enchant armour {unknown}
 k - a scroll of magic mapping {unknown}
 l - a scroll of fog {unknown}
 m - a scroll of identify {unknown}
 n - a scroll of enchant weapon {unknown}
Comestibles
 f - a ration


   Skills:
 - Level 3.2 Fighting
 + Level 3.8 Maces & Flails
 - Level 3.2 Armour
 - Level 3.2 Shields


You had 2 spell levels left.
You didn't know any spells.

Dungeon Overview and Level Annotations

Branches:
Dungeon (2/15)

Altars:


Innate Abilities, Weirdness & Mutations

You are resistant to torment.
Your stone body is resilient. (AC +3)
You are immune to poison.
You resist negative energy. (rN+)
You are resistant to electric shocks. (rElec)
You can survive without breathing.
You are immune to petrification.
You are immune to rotting.


Message History

You barely miss the adder.
The adder is severely wounded.
You block the adder's attack. The adder bites you but does no damage.
The kobold hits you but does no damage. The adder barely misses you.
You sock the adder!
You kill the adder!
The adder bites you but does no damage. The kobold hits you but does no damage.
The adder barely misses you.
You miss the adder. The adder closely misses you.
You block the kobold's attack. The adder bites you but does no damage.
You closely miss the adder. The kobold misses you.
The adder bites you but does no damage. You block the kobold's attack.
You hit the adder.
The adder is moderately wounded.
The adder misses you. You block the kobold's attack.
You block the adder's attack.
You miss the adder.
The adder is moderately wounded.
The adder bites you but does no damage. The kobold hits you with a whip.
You die...

.######.. .<..
.... .!..#..# #
#(.#...
#.#.....####
...........#
#..........#
#......!.K.#######
#.........@.......
#.......#.S.......
#.................
#...............).
#.................
..................
#######...........
.....$......
..#..........


You could see an adder and a kobold.

Vanquished Creatures
  2 adders (D:2)
  A leopard gecko (D:1)
  5 giant cockroaches (D:1)
  3 goblins (D:1)
  A hobgoblin (D:1)
  6 bats (D:1)
  2 frilled lizards (D:1)
  A kobold (D:1)
  4 rats (D:1)
25 creatures vanquished.

Vanquished Creatures (others)
  5 toadstools (D:1)
5 creatures vanquished.

Grand Total: 30 creatures vanquished

Notes
Turn   | Place    | Note
-------+----------+-------------------------------------------
     0 | D:1      | zishaf the Gargoyle Fighter began the quest for the Orb.
     0 | D:1      | Reached XP level 1. HP: 14/14 MP: 1/1
   151 | D:1      | Reached XP level 2. HP: 19/19 MP: 2/2
   566 | D:1      | Reached XP level 3. HP: 23/23 MP: 3/3
   877 | D:2      | Slain by a kobold

Skill      XL: |  1  2 |
---------------+-------+-----
Maces & Flails | 3 |  3.8
Fighting       | |  3.2
Armour         | |  3.2
Shields        | |  3.2

Action                   || total
-------------------------++-------
Melee: Flail             ||    95
  Use: Potion            ||     2
Armor: Scale mail        ||    77
Dodge: Dodged            ||    52
Block: Shield            ||    70
